 Dungeon Crawl Stone Soup version 0.19-a0-1225-gf887c1c (webtiles) character file.

73 Duffy the Slasher (level 4, -3/36 HPs)
             Began as a Demonspawn Monk on Aug 25, 2016.
             Slain by a hobgoblin (4 damage)
             ... on level 3 of the Dungeon.
             The game lasted 00:02:10 (2075 turns).

Duffy the Slasher (Demonspawn Monk)                 Turns: 2075, Time: 00:02:11

Health: -3/36      AC:  6    Str: 12    XL:     4   Next: 8%
Magic:  4/4        EV: 11    Int: 12    God:
Gold:   90         SH:  0    Dex: 15    Spells: 0 memorised, 3 levels left

rFire  . . .     SeeInvis .       - Unarmed
rCold  . . .     Gourm    .     i - +0 ring mail
rNeg   . . .     Faith    .     (no shield)
rPois  .         Spirit   .     (no helmet)
rElec  .         Dismiss  .     (no cloak)
rCorr  .         Reflect  .     (no gloves)
MR     .....     Harm     .     (no boots)
Stlth  +.........               (no amulet)
                                (no ring)
                                (no ring)

@: no status effects
A: claws 1, rugged brown scales 1
a: no special abilities


You were on level 3 of the Dungeon.
You were not hungry.

You visited 1 branch of the dungeon, and saw 3 of its levels.

You collected 90 gold pieces.

Inventory:

Missiles
 m - 4 javelins (quivered)
Armour
 i - a +0 ring mail (worn)
Scrolls
 b - a scroll of fog {unknown}
 d - a scroll of recharging {unknown}
 g - a scroll of random uselessness {unknown}
 j - a scroll of remove curse {unknown}
 l - a scroll of identify {unknown}
 n - a scroll of enchant weapon {unknown}
Potions
 a - 2 potions of agility {unknown}
 e - 2 potions of lignification {unknown}
 f - a potion of curing {unknown}
 k - a potion of brilliance {unknown}
 o - 2 potions of might {unknown}
Comestibles
 c - 2 bread rations


   Skills:
 - Level 3.0 Fighting
   Level 3.2 Long Blades
 - Level 2.6 Dodging
 - Level 1.7 Stealth
 + Level 2.9 Unarmed Combat


You had 3 spell levels left.
You didn't know any spells.

Dungeon Overview and Level Annotations

Branches:
Dungeon (3/15)

Altars:
The Shining One


Innate Abilities, Weirdness & Mutations

You have sharp fingernails.
You are partially covered in rugged brown scales. (AC +1, +3% HP)


Message History

The hobgoblin hits you but does no damage.
The jackal bites you but does no damage.
The jackal barely misses you. The worm completely misses you.
The jackal bites you.
You claw the worm!
You kill the worm!
The jackal bites you but does no damage.
The hobgoblin barely misses you.
The jackal bites you but does no damage.
The jackal bites you.
You swing at nothing.
The jackal misses you. The jackal closely misses you.
The hobgoblin closely misses you.
The jackal bites you but does no damage.
The jackal bites you. The jackal closely misses you.
You swing at nothing.
The jackal barely misses you. The hobgoblin closely misses you.
The jackal completely misses you.
The jackal bites you but does no damage.
The jackal barely misses you.
You swing at nothing.
The jackal bites you. The hobgoblin hits you.
You die...

.# #. #
.##..# #. ##
...... ####.
.##..#.[.
#.....
....>...
#.....##....#
......%h..#
......h@g.#
......#h..#
........#...#
........###.#
......[.. ...
.......#. ...
....... . ...
...... .. ...


You could see 3 jackals and a hobgoblin.

Vanquished Creatures
  An adder (D:2)
  An ooze (D:2)
  A worm (D:3)
  6 giant geckos
  An orc (D:3)
  3 giant cockroaches
  8 hobgoblins
  3 jackals
  3 bats
  2 giant newts
  7 goblins
  5 kobolds (D:1)
  5 rats
46 creatures vanquished.

Notes
Turn   | Place    | Note
-------+----------+-------------------------------------------
     0 | D:1      | Duffy the Demonspawn Monk began the quest for the Orb.
     0 | D:1      | Reached XP level 1. HP: 18/18 MP: 1/1
   234 | D:1      | Gained mutation: You have sharp fingernails. [demonic ancestry]
   234 | D:1      | Reached XP level 2. HP: 16/24 MP: 2/2
   655 | D:1      | Reached skill level 1 in Unarmed Combat
  1110 | D:1      | Gained mutation: You are partially covered in rugged brown scales. (AC +1, +3% HP) [demonic ancestry]
  1110 | D:1      | Reached XP level 3. HP: 23/29 MP: 3/3
  1542 | D:2      | Found a glowing golden altar of the Shining One.
  2058 | D:3      | Reached XP level 4. HP: 19/36 MP: 4/4
  2075 | D:3      | HP: 1/36 [jackal (2)]
  2075 | D:3      | Slain by a hobgoblin

Vault maps used:
D:1:      roderic_chinese_lattice_arrival, serial_bayou_crossing
D:2:      lemuel_round_altar, first_bread
D:3:      nicolae_tso_carved_into_rock

Skill      XL: |  1  2  3 |
---------------+----------+-----
Long Blades    | 3 |  3.2
Unarmed Combat | 1 2 |  2.9
Fighting       | |  3.0
Dodging        | |  2.6
Stealth        | |  1.7

Action                   |  1- 3 |  4- 6 || total
-------------------------+-------+-------++-------
Melee: Falchion          |    20 |       ||    20
       Unarmed           |   146 |    13 ||   159
       Punch             |     2 |       ||     2
 Stab: Sleeping          |     4 |       ||     4
  Eat: Chunk             |     4 |       ||     4
Armor: Robe              |     2 |       ||     2
       Leather armour    |    16 |       ||    16
       Ring mail         |    36 |    34 ||    70
Dodge: Dodged            |   102 |    50 ||   152
